 Dungeon Crawl Stone Soup version 0.30-a0-652-gcc886f7154 (webtiles) character file.

Game seed: 13186808576620423817

12491998 browni3141 the Ninja (level 27, 199/199 HPs)
             Began as a Kobold Brigand on Jan 17, 2023.
             Was the Champion of Wu Jian.
             Escaped with the Orb
             ... and 15 runes!
             The game lasted 06:12:56 (128602 turns).

browni3141 the Ninja (Kobold Brigand)             Turns: 128602, Time: 06:12:57

Health: 199/199    AC: 18    Str: 22    XL:     27
Magic:  31/40      EV: 63    Int: 15    God:    Wu Jian [******]
Gold:   11181      SH: 27    Dex: 47    Spells: 11/61 levels left

rFire   . . .      SeeInvis +    N - +11 rapier "Ziucoaschad" {freeze, rF- rC- Dex+10 SInv}
rCold   + . .      Faith    .    M - +5 kite shield {reflect}
rNeg    + + +      Spirit   .    Q - +7 ring mail "Muopeg" {Dex+5}
rPois   +          Reflect  +    k - +1 hat of Cuzak {rElec Int+4}
rElec   +          Harm     .    J - scarf {shadows}
rCorr   .          Rampage  .    W - +2 pair of gloves
Will    +++..                    S - +0 pair of boots "Noamoce" {Contam rN+ Slay+5}
Stlth   ++++                     c - amulet "Qeir" {Acrobat rF+ rN++ Str+6 Int-2}
HPRegen 0.53/turn                K - ring of Neto {rElec rF+ rC+ Str+4 Dex+4}
MPRegen 0.27/turn                e - ring of Zocaowk {Ice rElec rN+ Will+}

@: studying Shields
A: small, no large weapons, nightstalker 3, horns 1, low MP 1, poison
resistance, strong 1, MP-powered wands
0: Orb of Zot
}: 15/15 runes: barnacled, slimy, silver, golden, iron, obsidian, icy, bone,
abyssal, demonic, glowing, magical, fiery, dark, gossamer
a: Renounce Religion, Wall Jump, Serpent's Lash, Heavenly Storm


You escaped.
You worshipped Wu Jian.
Wu Jian was exalted by your worship.
You visited 18 branches of the dungeon, and saw 87 of its levels.
You visited Pandemonium 2 times, and saw 21 of its levels.
You visited the Abyss 3 times.
You visited 1 bazaar.
You visited 1 ziggurat, and saw 9 of its levels.
You also visited: Trove, Bailey, Ice Cave and Volcano.

You collected 13981 gold pieces.
You spent 2800 gold pieces at shops.

Inventory:

Hand Weapons
 H - a +9 quick blade of distortion
 N - the +11 rapier "Ziucoaschad" (weapon) {freeze, rF- rC- Dex+10 SInv}
   (You found it on level 14 of the Dungeon)

   Dex:       It affects your dexterity (+10).
   rF:        It makes you vulnerable to fire.
   rC:        It makes you vulnerable to cold.
   SInv:      It lets you see invisible.
Missiles
 E - 10 throwing nets
Armour
 k - the +1 hat of Cuzak (worn) {rElec Int+4}
   (You acquired it on level 9 of the Dungeon)

   Int:       It affects your intelligence (+4).
   rElec:     It insulates you from electricity.
 m - a scarf of resistance
 J - a scarf of shadows (worn)
 M - a +5 kite shield of reflection (worn)
 Q - the +7 ring mail "Muopeg" (worn) {Dex+5}
   (You found it on level 5 of the Pits of Slime)

   Dex:       It affects your dexterity (+5).
 S - the +0 pair of boots "Noamoce" (worn) {Contam rN+ Slay+5}
   (You found it on level 3 of the Tomb of the Ancients)

   Slay:      It affects your accuracy & damage with ranged weapons and melee
   (+5).
   rN:        It protects you from negative energy.
   Contam:    It causes magical contamination when unequipped.
 W - a +2 pair of gloves (worn)
Jewellery
 a - the ring "Zuawot" {+Blink rPois EV+5 Str+3}
   (You acquired it on level 4 of the Dungeon)

   [ring of evasion]

   EV:        It affects your evasion (+5).
   Str:       It affects your strength (+3).
   rPois:     It protects you from poison.
   +Blink:    It lets you blink.
 c - the amulet "Qeir" (around neck) {Acrobat rF+ rN++ Str+6 Int-2}
   (You found it in Pandemonium)

   [amulet of the acrobat]

   It increases your evasion while moving and waiting.
   Str:       It affects your strength (+6).
   Int:       It affects your intelligence (-2).
   rF:        It protects you from fire.
   rN:        It greatly protects you from negative energy.
 e - the ring of Zocaowk (right hand) {Ice rElec rN+ Will+}
   (You found it on level 9 of a ziggurat)

   [ring of ice]

   It enhances your ice magic.
   rF:        It makes you vulnerable to fire.
   rC:        It protects you from cold.
   rElec:     It insulates you from electricity.
   rN:        It protects you from negative energy.
   Will:      It increases your willpower.
 i - the ring "Solan" {Fly Int+6 Dex+2}
   (You found it on level 5 of the Pits of Slime)

   [ring of intelligence]

   Int:       It affects your intelligence (+6).
   Dex:       It affects your dexterity (+2).
   Fly:       It grants you flight.
 j - the amulet of Ecih Cuo {Spirit rC- rCorr Int+7}
   (You bought it in a shop in a bazaar)

   [amulet of guardian spirit]

   It causes incoming damage to be divided between your reserves of health and
   magic.
   Int:       It affects your intelligence (+7).
   rC:        It makes you vulnerable to cold.
   rCorr:     It protects you from acid and corrosion.
 o - the amulet "Kyebuc" {Drain rN+ Regen+ Str+7}
   (You found it in a treasure trove)

   [amulet of regeneration]

   Str:       It affects your strength (+7).
   rN:        It protects you from negative energy.
   Regen:     It increases your rate of health regeneration.
   Drain:     It drains your maximum health when unequipped.
 s - the ring of Adunwu {Wiz rElec rN+ Str+2 SInv}
   (You found it on level 5 of the Vaults)

   [ring of wizardry]

   It improves your spell success rate.
   Str:       It affects your strength (+2).
   rElec:     It insulates you from electricity.
   rN:        It protects you from negative energy.
   SInv:      It lets you see invisible.
 K - the ring of Neto (left hand) {rElec rF+ rC+ Str+4 Dex+4}
   (You found it in an ice cave)

   [ring of protection from cold]

   Str:       It affects your strength (+4).
   Dex:       It affects your dexterity (+4).
   rF:        It protects you from fire.
   rC:        It protects you from cold.
   rElec:     It insulates you from electricity.
 X - the dreamshard necklace {*Dream Drain}
   (You found it on level 5 of the Pits of Slime)

   [amulet of nothing]

   *Dream:    It shatters if its wearer takes lethal or near-lethal damage,
   preventing the blow and releasing protective dreams that heal and fight for
   the wearer.
   Drain:     It drains your maximum health when unequipped.
Wands
 p - a wand of charming (66)
 B - a wand of mindburst (59)
 C - a wand of light (7)
 R - a wand of digging (27)
 T - a wand of roots (60)
Scrolls
 b - 20 scrolls of fog
 f - 11 scrolls of teleportation
 n - 3 scrolls of blinking
 t - 7 scrolls of silence
 u - 12 scrolls of vulnerability
 y - 2 scrolls of summoning
 I - 14 scrolls of fear
 O - 4 scrolls of torment
 U - a scroll of magic mapping
Potions
 d - 4 potions of haste
 g - 17 potions of brilliance
 h - 24 potions of curing
 l - 10 potions of lignification
 q - 2 potions of cancellation
 r - 11 potions of attraction
 w - 3 potions of heal wounds
 z - 4 potions of mutation
 G - 8 potions of ambrosia
 L - 10 potions of magic
 V - 6 potions of invisibility
 Y - 5 potions of resistance
Miscellaneous
 v - the horn of Geryon
 x - a tin of tremorstones (2/2)
 A - a condenser vane
 D - a phial of floods
 F - a lightning rod (4/4)
 P - a phantom mirror
 Z - a box of beasts


   Skills:
 O Level 27 Fighting
 - Level 14.0 Short Blades
 - Level 2.1 Throwing
 - Level 5.0 Armour
 O Level 27 Dodging
 O Level 27 Stealth
 * Level 19.7 Shields
 + Level 17.6 Spellcasting
 + Level 24.1 Hexes
 + Level 20.7 Translocations
 - Level 5.0 Transmutations
 - Level 6.0 Air Magic
 O Level 27 Evocations


You had 11 spell levels left.
You knew the following spells:

 Your Spells              Type           Power      Damage    Failure   Level
a - Ensorcelled Hibernat  Hex/Ice        100%       N/A       1%          2
b - Tukima's Dance        Hex            72%        N/A       0%          3
c - Cause Fear            Hex            36%        N/A       0%          4
d - Silence               Hex/Air        27%        N/A       1%          5
e - Metabolic Englaciati  Hex/Ice        32%        N/A       2%          5
f - Apportation           Tloc           100%       N/A       0%          1
g - Vhi's Electric Charg  Tloc/Air       100%       N/A       1%          3
h - Passage of Golubria   Tloc           66%        N/A       1%          4
i - Dispersal             Tloc           33%        N/A       1%          6
j - Enfeeble              Hex            36%        N/A       1%          7
k - Yara's Violent Unrav  Hex/Tmut       27%        3d12      1%          5
l - Confusing Touch       Hex            72%        N/A       0%          3
m - Blink                 Tloc           100%       N/A       0%          2

Your spell library contained the following spells:

 Spells                   Type           Power      Damage    Failure   Level
 Slow                     Hex            100%       N/A       0%          1
 Gell's Gravitas          Tloc           66%        N/A       0%          3
 Portal Projectile        Hex/Tloc       100%       N/A       0%          3
 Teleport Other           Tloc           66%        N/A       0%          3
 Beastly Appendage        Tmut           56%        N/A       1%          1
 Dazzling Flash           Conj/Hex       98%        N/A       1%          3
 Inner Flame              Hex/Fire       49%        N/A       1%          3
 Kindle Blastsparks       Fire/Tloc/Air  80%        2d16      1%          3
 Summon Guardian Golem    Hex/Summ       49%        N/A       1%          3
 Anguish                  Hex/Necr       24%        N/A       1%          4
 Fulminant Prism          Conj/Hex       24%        3d12      1%          4
 Iskenderun's Mystic Bla  Conj/Tloc      44%        2d10      1%          4
 Leda's Liquefaction      Hex/Erth       24%        N/A       1%          4
 Manifold Assault         Tloc           66%        N/A       1%          4
 Wereblood                Tmut           28%        N/A       2%          2
 Summon Mana Viper        Hex/Summ       49%        N/A       2%          5
 Shock                    Conj/Air       88%        1d8       3%          1
 Swiftness                Air            31%        N/A       3%          3
 Discord                  Hex            36%        N/A       3%          8
 Poisonous Vapours        Pois/Air       44%        N/A       4%          2
 Static Discharge         Conj/Air       44%        2-4/arc   4%          2
 Summon Forest            Summ/Tloc      22%        N/A       4%          5
 Passwall                 Tmut/Erth      16%        N/A       6%          2
 Cigotuvi's Dreadful Rot  Necr/Pois/Air  38%        N/A       8%          2
 Airstrike                Air            15%        2d(3-19)  10%         4
 Foxfire                  Conj/Fire      52%        2x1d6     12%         1
 Freeze                   Ice            76%        1d8       12%         1
 Kiss of Death            Conj/Necr      52%        2d9       12%         1
 Magic Dart               Conj           52%        1d5       12%         1
 Sandblast                Erth           26%        2d8       12%         1
 Summon Small Mammal      Summ           52%        N/A       12%         1
 Spider Form              Tmut/Pois      20%        N/A       12%         3
 Disjunction              Tloc           33%        N/A       14%         8
 Mephitic Cloud           Conj/Pois/Air  19%        N/A       16%         3
 Call Imp                 Summ           13%        N/A       17%         2
 Scorch                   Fire           26%        2d6       17%         2
 Sublimation of Blood     Necr           13%        N/A       17%         2
 Summon Lightning Spire   Summ/Air       22%        N/A       32%         4
 Call Canine Familiar     Summ           13%        N/A       34%         3
 Frozen Ramparts          Ice            38%        1d6       34%         3
 Hailstorm                Conj/Ice       19%        3d6       34%         3
 Ozocubu's Armour         Ice            19%        N/A       34%         3
 Stone Arrow              Conj/Erth      26%        3d8       34%         3
 Vampiric Draining        Necr           13%        2d6       34%         3
 Ice Form                 Ice/Tmut       31%        N/A       38%         4
 Petrify                  Tmut/Erth      20%        N/A       38%         4
 Blade Hands              Tmut           14%        N/A       38%         5
 Arcjolt                  Conj/Air       11%        1d21      67%         5
 Lightning Bolt           Conj/Air       11%        1d24      67%         5
 Animate Armour           Summ/Erth      26%        N/A       75%         4
 Animate Dead             Necr           13%        N/A       75%         4
 Dispel Undead            Necr           13%        3d9       75%         4
 Flame Wave               Conj/Fire      13%        2d6       75%         4
 Olgreb's Toxic Radiance  Pois           13%        N/A       75%         4
 Sticky Flame             Conj/Fire      13%        2d4       75%         4
 Summon Ice Beast         Ice/Summ       19%        N/A       75%         4
 Alistair's Intoxication  Tmut/Pois      13%        N/A       75%         5
 Irradiate                Conj/Tmut      10%        3d15      75%         5
 Freezing Cloud           Conj/Ice/Air   14%        6-21      80%         5
 Malign Gateway           Summ/Tloc      22%        N/A       80%         7
 Agony                    Necr           13%        N/A       97%         5
 Borgnjor's Vile Clutch   Necr/Erth      6%         N/A       97%         5
 Fireball                 Conj/Fire      6%         3d5       97%         5
 Iskenderun's Battlesphe  Conj           13%        2d7       97%         5
 Lee's Rapid Deconstruct  Erth           6%         3d6*      97%         5
 Conjure Ball Lightning   Conj/Air       11%        3x3d6     99%         6
 Eringya's Noxious Bog    Tmut/Pois      10%        N/A       99%         6
 Statue Form              Tmut/Erth      13%        N/A       99%         6
 Death Channel            Necr           6%         N/A       100%        6
 Iron Shot                Conj/Erth      6%         9d2       100%        6
 Simulacrum               Ice/Necr       9%         N/A       100%        6
 Starburst                Conj/Fire      6%         6d4       100%        6
 Summon Cactus Giant      Summ           6%         N/A       100%        6
 Dragon Form              Tmut           14%        N/A       100%        7
 Haunt                    Necr/Summ      6%         N/A       100%        7
 Monstrous Menagerie      Summ           6%         N/A       100%        7
 Orb of Destruction       Conj           6%         9d6       100%        7
 Ozocubu's Refrigeration  Ice            9%         4d9       100%        7
 Spellforged Servitor     Conj/Summ      6%         N/A       100%        7
 Storm Form               Tmut/Air       14%        N/A       100%        7
 Summon Hydra             Summ           6%         N/A       100%        7
 Borgnjor's Revivificati  Necr           6%         N/A       100%        8
 Ignition                 Fire           6%         3d4       100%        8
 Infestation              Necr           6%         N/A       100%        8
 Lehudib's Crystal Spear  Conj/Erth      6%         10d3      100%        8
 Maxwell's Capacitive Co  Air            15%        ∞         100%        8
 Necromutation            Tmut/Necr      10%        N/A       100%        8
 Summon Horrible Things   Summ           6%         N/A       100%        8
 Chain Lightning          Conj/Air       11%        3d14      100%        9
 Death's Door             Necr           6%         N/A       100%        9
 Dragon's Call            Summ           6%         N/A       100%        9
 Fire Storm               Conj/Fire      6%         8d2       100%        9
 Polar Vortex             Ice            9%         N/A       100%        9
 Shatter                  Erth           6%         3d9*      100%        9


Dungeon Overview and Level Annotations

Branches:
Dungeon (15/15)            Temple (1/1) D:6            Lair (5/5) D:8
 Shoals (4/4) Lair:3       Spider (4/4) Lair:3        Slime (5/5) Lair:4
    Orc (2/2) D:9             Elf (3/3) Orc:2        Vaults (5/5) D:13
  Crypt (3/3) Vaults:3       Tomb (3/3) Crypt:3      Depths (4/4) D:15
   Hell (visited)             Dis (7/7) Hell            Geh (7/7) Hell
    Coc (7/7) Hell            Tar (7/7) Hell            Zot (5/5) Depths:4
 Bailey (visited)           IceCv (visited)         Volcano (visited)

Altars:
Ashenzari
Cheibriados
Dithmenos
Elyvilon
Fedhas
Gozag
Hepliaklqana
Kikubaaqudgha
Makhleb
Nemelex Xobeh
Okawaru
Qazlal
Ru
Sif Muna
Trog
Uskayaw
Vehumet
Wu Jian
Xom
Yredelemnul
Zin
The Shining One
Jiyva

Shops:
D:4 *   D:9 (:   Orc:2 (*(*   Elf:3 (   Shoals:1 (   Shoals:3 *   Vaults:2 ?

Portals:
Hell: Depths:1 Depths:2 Depths:3 Depths:4
Abyss: Depths:1 Depths:3 Depths:4
Pandemonium: Depths:2

Annotations:
D:10 Erolcha
Slime:4 exclusion: downstairs
Vaults:4 Foxy's ghost, veteran KoEn
Geh:7 Asmodeus
Coc:7 Antaeus; Serpent of Hell


Innate Abilities, Weirdness & Mutations

You are small and have problems with some larger weapons.
You are completely attuned to the shadows.
You have a pair of small horns on your head.
Your magical capacity is low. (-10% MP)
Your system is resistant to poisons. (rPois)
Your muscles are strong. (Str +4, Int/Dex -1)
You expend magic power (3 MP) to strengthen your wands.


Message History

(D) Dungeon (T) Temple (L) Lair (A) Shoals (N) Spider Nest (M) Slime Pits (O) Orcish Mines (E) Elven Halls (V) Vaults (C) Crypt (W) Tomb (U) Depths (H) Hell (I) Dis (G) Gehenna (X) Cocytus (Y) Tartarus (Z) Zot
Where to? (Enter - D:1, ? - help) HP restored.
There is a stone staircase leading up here.
You climb upwards.
There is a stone staircase leading down here.
Aiming: Dig
Press: ? - help, Shift-Dir - straight line A rock wall.
This square is covered in magical glow.
You feel a surge of power!
The rock shatters into small pieces.
Aiming: Dig
Press: ? - help, Shift-Dir - straight line A rock wall.
This square is covered in magical glow.
You feel a surge of power!
The rock shatters into small pieces.
Aiming: Dig
Press: ? - help, Shift-Dir - straight line A rock wall.
This square is covered in magical glow.
You feel a surge of power!
The rock shatters into small pieces.
Aiming: Dig
Press: ? - help, Shift-Dir - straight line A rock wall.
This square is covered in magical glow.
You feel a surge of power!
The rock shatters into small pieces.
Aiming: Dig
Press: ? - help, Shift-Dir - straight line A rock wall.
This square is covered in magical glow.
You feel a surge of power!
The rock shatters into small pieces.
Blink to where?
Press: ? - help, Dir - move target
As you read the scroll of blinking, it crumbles to dust.
You can't go down here!
You have escaped!

##.## #. ### ##.## #)
#.###.## #. #.##.## #.
#....# #. #...4# #.
#....## #. #...8.# ##
#....@# # ##...8.#
#.....## #.....#
#.....# #..####
#..####################
#......................
###'###################


You could see a chaos spawn.

Vanquished Creatures
  Cerebov (Pan)
  the Royal Jelly (Slime:5)
  Ereshkigal (Tar:7)
  Gloorx Vloq (Pan)
  A seraph (Pan)
  10 dread liches
  Mnoleg (Pan)
  Lom Lobon (Pan)
  Dispater (Dis:7)
  2 ancient liches
  4 orbs of fire
  Mara (Vaults:5)
  2 juggernauts
  32 royal mummies
  4 Killer Klowns
  Frederick (Depths:3)
  9 pandemonium lords
  9 caustic shrikes
  3 curse toes
  Saint Roka (Crypt:2)
  Margery (Depths:3)
  Geryon (Hell)
  Xtahua (Vaults:3)
  7 golden dragons
  10 profane servitors
  A pearl dragon (Pan)
  12 bone dragons
  5 Tzitzimimeh
  3 doom hounds (Tar:4)
  3 iron giants (Dis:7)
  6 hellephants
  A shard shrike zombie (Abyss:4)
  4 electric golems
  Rupert (Spider:1)
  Zenata (Elf:3)
  16 Hell Sentinels
  7 Brimstone Fiends
  Jorgrun (Orc:2)
  7 Ice Fiends
  26 Orb Guardians
  12 tentacled monstrosities
  9 tainted leviathans
  8 liches
  Asterion (Vaults:1)
  4 titans
  A shard shrike skeleton (Crypt:3)
  2 deep elf blademasters
  5 searing wretches
  5 tentacled starspawn
  9 quicksilver dragons
  19 sphinxes
  27 Executioners
  2 deep elf master archers (Elf:3)
  10 acid blobs
  Frances (Shoals:2)
  Polyphemus (Shoals:2)
  8 death cobs
  14 ancient champions
  9 tengu reavers
  11 storm dragons
  Donald (Orc:2)
  14 shadow dragons
  The ghost of Cuomazycy the Warrior, an adept FoWn of Uskayaw (Shoals:2)
  9 azure jellies
  12 draconian knights
  5 revenants
  Ilsuiw (Shoals:2)
  13 draconian monks
  5 demonspawn warmongers (Pan)
  5 draconian scorchers
  8 daevas (Pan)
  9 rockslimes
  9 fire giants
  6 narguns
  3 fenstrider witches (Depths:3)
  9 deep elf sorcerers
  2 emperor scorpions (Spider:3)
  18 vault wardens
  A quicksilver elemental (Dis:5)
  2 caustic shrike zombies
  6 draconian shifters
  3 orc warlords
  6 frost giants
  7 quicksilver oozes
  3 curse skulls
  9 iron dragons
  27 balrugs
  4 deep elf elementalists (Elf:3)
  5 ghost moths
  A shard shrike simulacrum (Coc:7)
  Aizul (Elf:3)
  7 draconian stormcallers
  4 ghouls
  13 reapers
  17 angels (Pan)
  24 war gargoyles
  5 draconian annihilators
  A caustic shrike skeleton (Pan)
  14 ironbound preservers
  9 cacodemons
  28 very ugly things
  4 broodmothers
  A starflower (Abyss:4)
  6 demonspawn blood saints
  3 juggernaut skeletons
  4 demonspawn corrupters (Pan)
  12 ophanim (Pan)
  12 stone giants
  11 vampire knights
  9 green draconians
  11 lorocyprocas
  4 eleionomae
  4 demonspawn black suns
  13 black draconians
  2 ironbound thunderhulks
  6 deep elf demonologists
  8 dire elephants
  14 white draconians
  8 putrid mouths
  11 deep elf annihilators
  3 wendigos
  8 spark wasps
  An eleionoma (shapeshifter) (Zig:1)
  14 apis (Pan)
  6 bennus
  2 purple draconians
  8 yellow draconians
  A bunyip (Zig:8)
  16 red draconians
  9 elemental wellsprings
  6 deep elf death magi
  5 iron golems
  A merfolk javelineer (Shoals:4)
  5 eidola
  15 ettins
  24 mummy priests
  Josephine (Shoals:1)
  6 fire dragons
  17 blizzard demons
  A shambling mangrove (Zig:8)
  4 green deaths (Pan)
  2 deep elf high priests (Vaults:5)
  6 spriggan zombies
  8 ice dragons
  10 merfolk impalers
  14 jiangshi
  A spectral spriggan (Tar:4)
  17 yaktaur captains
  5 entropy weavers
  6 hydras
  11 rakshasas
  A juggernaut simulacrum (Coc:4)
  12 great orbs of eyes
  Harold (D:10)
  3 radroaches
  17 salamander tyrants
  A catoblepas (Shoals:2)
  8 ironbound frosthearts
  2 caustic shrike simulacra (Coc:4)
  A peacekeeper (Vaults:4)
  34 vault guards
  17 centaur warriors
  4 spriggan skeletons (Pan)
  6 spriggan air magi
  3 hell beasts
  An alligator (Zig:8)
  2 jorogumos (Spider:4)
  2 fenstrider witch skeletons
  A ghost crab (Zig:8)
  2 ogre magi
  9 boulder beetles
  28 dancing weapons
  13 death yaks
  5 merfolk aquamancers
  12 two-headed ogres
  A death knight (Crypt:1)
  74 death scarabs
  4 satyrs
  4 deep troll shamans
  2 Orb Guardian skeletons
  2 alligator snapping turtles (Shoals:4)
  8 deep troll earth magi
  7 hell hogs
  9 stokers
  13 tengu warriors
  9 vampire magi
  Urug (Orc:2)
  3 titan zombies
  6 shadow wraiths
  19 deep elf knights
  2 thrashing horrors
  42 soul eaters
  62 sun demons
  14 hell knights
  A spatial maelstrom (Abyss:4)
  3 titan skeletons
  4 wretched stars
  6 crystal echidnas (Dis:7)
  Amaemon (Lair:2)
  19 sixfirhies
  A spectral bunyip (Tar:1)
  Lodul (D:13)
  8 pharaoh ants
  2 sun moths (Spider:4)
  2 spark wasp zombies
  9 iron trolls
  A golden dragon zombie (Depths:1)
  46 deep trolls
  46 skeletal warriors
  6 bog bodies
  A death drake (shapeshifter) (Vaults:5)
  14 sea snakes
  16 shadow demons
  10 glowing orange brains
  13 wizards
  A deep troll (shapeshifter) (Depths:4)
  3 swamp dragons (Zig:8)
  13 cherubim (Pan)
  2 spriggan druids
  5 steelbarb worms
  10 lindwurms
  A kraken simulacrum (Coc:7)
  A bunyip skeleton (Pan)
  2 death drakes (Zot:1)
  12 phantasmal warriors
  6 flayed ghosts
  2 tengu zombies (Hell)
  11 orb spiders
  7 deep elf archers
  30 deep elf pyromancers
  22 deep elf zephyrmancers
  8 orc knights
  25 necromancers
  6 harpies
  A spectral ettin (Tar:1)
  22 wolf spiders
  11 ironbound convokers
  10 cyclopes
  2 fire giant zombies
  3 frost giant zombies
  15 manticores
  4 shining eyes
  46 ugly things
  An eleionoma zombie (Crypt:2)
  3 orc sorcerers
  3 shining eyes (shapeshifter)
  27 moths of wrath
  A spectral centaur (Tar:1)
  17 fauns
  A sphinx skeleton (Crypt:1)
  A stone giant skeleton (Depths:1)
  9 merfolk sirens
  4 worldbinders
  Maurice (D:8)
  A fire giant skeleton (Depths:1)
  3 draconian skeletons
  2 titan simulacra
  2 black mambas
  An ice statue (IceCv)
  2 eyes of devastation
  19 demonic crawlers
  2 toenail golems (Volcano)
  2 frost giant skeletons
  11 rust devils
  22 vault sentinels
  7 water nymphs
  An apocalypse crab (Abyss:4)
  A water nymph (shapeshifter) (Vaults:5)
  9 elephants (Lair:5)
  10 molten gargoyles
  A naga zombie (Tomb:3)
  2 centaur zombies
  A gargoyle (D:14)
  An eye of devastation (shapeshifter) (Vaults:5)
  43 smoke demons
  An unseen horror (D:12)
  11 cane toads
  17 torpor snails
  24 orange demons
  A yellow draconian zombie (Zot:1)
  A swamp worm zombie (Crypt:3)
  A dire elephant skeleton (Pan)
  An orc skeleton (Abyss:2)
  6 spectral swamp worms (Tar:7)
  A dryad (Depths:3)
  6 freezing wraiths
  31 yaktaurs
  12 tormentors
  7 efreet
  20 hellions
  3 kobold demonologists
  5 ice devils
  A black draconian zombie (Crypt:1)
  A spark wasp simulacrum (Depths:1)
  11 rime drakes
  5 red devils
  4 anaconda simulacra
  4 ancient zymes
  3 tengu conjurers
  10 komodo dragons
  64 guardian mummies
  26 merfolk
  An iron giant simulacrum (Coc:7)
  6 trolls
  A silent spectre (Tar:1)
  A spectral harpy (Tar:7)
  9 hellwings (Pan)
  2 iron troll skeletons (Crypt:3)
  8 harpy zombies
  A polar bear (Lair:4)
  32 tarantellas
  4 tyrant leeches (Lair:5)
  20 raiju
  25 starcursed masses
  8 meliai
  12 hornets
  6 wind drakes (Shoals:4)
  16 blink frogs
  18 dream sheep
  A frost giant simulacrum (Depths:1)
  A raiju (shapeshifter) (D:15)
  2 ettin zombies
  Prince Ribbit (D:8)
  A culicivora zombie (Crypt:2)
  A guardian serpent zombie (Crypt:1)
  A jumping spider zombie (Crypt:1)
  10 snapping turtles
  28 large abominations
  24 jumping spiders
  39 flying skulls
  An iron dragon simulacrum (Coc:2)
  An ettin skeleton (Depths:1)
  A merfolk zombie (Tomb:2)
  5 spriggans (Depths:3)
  7 air elementals
  A spriggan (shapeshifter) (D:13)
  80 slime creatures
  12 wraiths
  An alligator skeleton (Crypt:2)
  A slime creature (shapeshifter) (Depths:3)
  2 vampires (D:14)
  32 ynoxinuls
  15 culicivoras
  12 wyverns
  A black mamba skeleton (Pan)
  2 dire elephant simulacra
  4 fire bats
  A basilisk (Lair:2)
  6 fire elementals
  18 water elementals
  14 ushabtiu
  11 golden eyes
  73 yaks
  25 neqoxecs
  47 redbacks
  5 vampire mosquitoes
  2 death yak simulacra (IceCv)
  34 chaos spawn
  3 steam dragons
  An acid dragon (D:9)
  7 harpy simulacra
  9 small abominations
  3 glowing shapeshifter zombies
  2 hydra simulacra
  16 water moccasins
  A floating eye (Depths:1)
  A fire bat skeleton (Crypt:3)
  4 hell hounds
  54 orc warriors
  A swamp drake (shapeshifter) (Vaults:2)
  4 black bears
  A sky beast (shapeshifter) (Abyss:4)
  A black bear (shapeshifter) (D:14)
  3 ice beasts
  2 manticore zombies (Shoals:1)
  6 sky beasts (Depths:3)
  An ettin simulacrum (Coc:2)
  15 ogres
  A black mamba simulacrum (Tomb:3)
  12 wolves
  A boggart (Elf:1)
  An elephant skeleton (Crypt:3)
  A hog zombie (Crypt:1)
  24 centaurs
  A phantom (D:3)
  7 kobold brigands
  A komodo dragon zombie (Crypt:2)
  11 bullfrogs
  3 gnoll sergeants
  3 scorpions
  6 earth elementals
  5 necrophages
  Blork the orc (D:5)
  10 two-headed ogre simulacra (IceCv)
  5 cane toad simulacra (IceCv)
  14 wights
  A troll zombie (Crypt:3)
  An elephant simulacrum (IceCv)
  16 killer bees
  14 electric eels
  9 howler monkeys
  A troll skeleton (Crypt:3)
  A yak skeleton (Crypt:1)
  5 crimson imps (Abyss:3)
  12 orc priests
  A gnoll bouda (D:8)
  2 hounds (D:5)
  3 human zombies
  3 iron imps
  2 jellies
  A boggart zombie (Crypt:2)
  3 iguanas
  4 lightning spires (Depths:3)
  26 orc wizards
  2 polar bear simulacra (IceCv)
  A boggart skeleton (Crypt:2)
  3 spriggan simulacra
  9 troll simulacra (IceCv)
  A deep dwarf zombie (Crypt:3)
  3 naga skeletons
  2 human simulacra (D:13)
  57 mummies
  A howler monkey zombie (Crypt:3)
  15 gnolls
  3 adders
  9 naga simulacra
  8 white imps
  6 ufetubi (IceCv)
  109 orcs
  7 ball pythons
  6 bats
  A bat zombie (Shoals:1)
  7 endoplasms
  3 giant cockroaches
  18 hobgoblins
  2 jackals (D:4)
  34 kobolds
  2 frilled lizards
  19 goblins
  A rat (D:2)
  A creeping inferno (Geh:5)
  16 fire vortices
  6 starspawn tentacles
3899 creatures vanquished.

Vanquished Creatures (collateral kills)
  An ancient lich (Zot:5)
  A Killer Klown (Zot:5)
  A caustic shrike (Dis:6)
  Nikola (Vaults:3)
  A Tzitzimitl (Tar:7)
  3 Hell Sentinels (Pan)
  A searing wretch (Geh:6)
  3 liches (Zot:1)
  A daeva (Pan)
  A draconian monk (Zot:2)
  A curse skull (Crypt:2)
  2 broodmothers
  3 yellow draconians (Zot:2)
  A mummy priest (Tomb:1)
  A crystal guardian (Vaults:4)
  2 satyrs (Shoals:4)
  2 dancing weapons (Elf:2)
  A merfolk aquamancer (Shoals:2)
  A sea snake (Shoals:2)
  A wizard (Vaults:3)
  3 fauns (Shoals:2)
  A manticore (Shoals:4)
  A spectral swamp worm (Tar:7)
  2 smoke demons (Pan)
  A demonic crawler (Pan)
  3 yaktaurs
  7 hellions (Pan)
  A dryad (Depths:3)
  2 merfolk
  A wind drake (Shoals:4)
  A tarantella (Spider:3)
  A snapping turtle (Shoals:2)
  A slime creature (Slime:3)
  A fire bat (Pan)
  3 jumping spiders
  2 water elementals (Shoals:2)
  2 redbacks (Spider:3)
  A mummy (Tomb:1)
63 creatures vanquished.

Vanquished Creatures (others)
  A Hell Sentinel (Pan)
  A sphinx (Crypt:3)
  A death cob (Zot:3)
  A demonspawn corrupter (Pan)
  A cacodemon (Zig:9)
  2 demonspawn blood saints (Zig:9)
  An elemental wellspring (Coc:3)
  2 lorocyprocas
  A red draconian (Zot:3)
  A blizzard demon (Zig:9)
  2 deep elf knights (Elf:1)
  2 spriggan simulacra (Coc:3)
  A shadow demon (Zig:9)
  A wizard (Pan)
  A will-o-the-wisp (Zig:8)
  A moth of wrath (Zot:3)
  A guardian mummy (Crypt:3)
  A tormentor (Zig:9)
  2 merfolk (Shoals:4)
  A hornet (Zig:8)
  A culicivora (Spider:1)
  A neqoxec (Pan)
  A naga (Abyss:4)
  A starcursed mass (Abyss:4)
  7 ball lightnings (Depths:3)
  A fire vortex (Geh:5)
  12 foxfires (Zig:8)
  72 fungi
  A lurking horror (Abyss:4)
  253 plants
  8 starspawn tentacles
383 creatures vanquished.

Grand Total: 4345 creatures vanquished

Notes
Turn   | Place    | Note
-------+----------+-------------------------------------------
     0 | D:1      | browni3141 the Kobold Brigand began the quest for the Orb.
     0 | D:1      | Reached XP level 1. HP: 12/12 MP: 1/1
    71 | D:1      | Reached XP level 2. HP: 17/17 MP: 2/2
   298 | D:1      | Reached XP level 3. HP: 15/22 MP: 3/3
  1728 | D:3      | Noticed a phantom
  1805 | D:3      | Found a shimmering blue altar of Sif Muna.
  2224 | D:3      | HP: 1/21 [something/magic dart (10)]
  2377 | D:3      | Reached XP level 4. HP: 26/26 MP: 4/4
  3275 | D:3      | Reached XP level 5. HP: 30/32 MP: 3/5
  3390 | D:4      | Found Uluux's Assorted Antiques.
  3502 | D:4      | Identified 2 scrolls of acquirement
  3502 | D:4      | Acquired the +9 rapier "Xocwud" {venom, Dex+4}
  3507 | D:4      | Acquired the ring "Zuawot" {+Blink rPois EV+5 Str+3}
  3511 | D:4      | Noticed an ice beast
  3703 | D:4      | Reached skill level 5 in Short Blades
  3807 | D:4      | Reached XP level 6. HP: 37/37 MP: 6/6
  4088 | D:4      | Found an iron altar of Okawaru.
  4325 | D:5      | Entered Level 5 of the Dungeon
  4428 | D:5      | Found a hide-covered altar of Uskayaw.
  4431 | D:5      | Noticed a +0 dagger
  4432 | D:5      | Noticed a +0 hand axe
  4448 | D:5      | Noticed an ogre
  4538 | D:5      | Reached XP level 7. HP: 41/41 MP: 7/7
  4876 | D:5      | Noticed Blork the orc
  4880 | D:5      | Killed Blork the orc
  4938 | D:5      | Found a glowing golden altar of the Shining One.
  4984 | D:5      | Found a glowing silver altar of Zin.
  4986 | D:5      | Found a white marble altar of Elyvilon.
  5590 | D:6      | Reached XP level 8. HP: 42/46 MP: 6/8
  5631 | D:6      | Reached skill level 10 in Short Blades
  5983 | D:6      | Found a staircase to the Ecumenical Temple.
  6000 | Temple   | Entered the Ecumenical Temple
  6204 | D:6      | Found a sparkling altar of Nemelex Xobeh.
  6383 | D:6      | Found an opulent altar of Gozag.
  6383 | D:6      | Found a broken altar of Ashenzari.
  6439 | D:6      | Reached XP level 9. HP: 50/50 MP: 9/9
  6898 | D:4      | Found an iron altar of Okawaru.
  7138 | D:4      | Found Uluux's Assorted Antiques.
  7601 | D:3      | Found a shimmering blue altar of Sif Muna.
  8461 | D:7      | Identified the +6 chain mail of Oblivion {rF++ Str-2}
  8474 | D:7      | Reached skill level 1 in Evocations
  8553 | D:7      | Noticed a hornet
  8558 | D:7      | Killed a hornet
  9039 | D:8      | Reached skill level 5 in Dodging
  9045 | D:8      | Reached XP level 10. HP: 56/56 MP: 10/10
  9106 | D:8      | Noticed Prince Ribbit
  9121 | D:8      | Killed Prince Ribbit
  9134 | D:8      | Reached skill level 5 in Evocations
  9339 | D:8      | Found a flagged portal.
  9340 | D:8      | Noticed Maurice
  9347 | D:8      | Killed Maurice
  9360 | Bailey   | Entered a bailey
  9598 | Bailey   | Noticed an orc knight
  9609 | Bailey   | Killed an orc knight
  9610 | Bailey   | Reached skill level 5 in Fighting
  9610 | Bailey   | Reached skill level 10 in Stealth
  9656 | Bailey   | Noticed an orc knight
  9684 | Bailey   | Killed an orc knight
  9685 | Bailey   | Reached XP level 11. HP: 64/64 MP: 11/11
  9745 | Bailey   | Noticed an orc warlord
  9850 | Bailey   | Killed an orc warlord
  9967 | Bailey   | Got the Parchment of Glowing Necromancy
 10423 | D:8      | Found a staircase to the Lair.
 10495 | D:8      | Found a shadowy altar of Dithmenos.
 10586 | D:8      | Found a hazy altar of Hepliaklqana.
 10904 | D:9      | Noticed a two-headed ogre
 10906 | D:9      | Killed a two-headed ogre
 10908 | D:9      | Acquired the +1 hat of Cuzak {rElec Int+4}
 11337 | D:9      | Found a staircase to the Orcish Mines.
 11353 | D:9      | Found a sacrificial altar of Ru.
 11375 | D:9      | Found Josor's Weapon Shoppe.
 11455 | D:9      | Found Fausul's Vocational Training.
 11862 | D:10     | Entered Level 10 of the Dungeon
 11932 | D:10     | Found a blossoming altar of Fedhas.
 11935 | D:10     | You fall into a shaft and drop 3 floors!
 12010 | D:12     | Reached XP level 12. HP: 71/71 MP: 12/12
 12061 | D:11     | Reached skill level 10 in Dodging
 12068 | D:11     | Noticed a two-headed ogre
 12164 | D:10     | Noticed Harold
 12168 | D:10     | Killed Harold
 12288 | D:10     | Noticed Erolcha
 12494 | D:10     | Found an ornate altar of the Wu Jian Council.
 12702 | D:10     | Noticed a two-headed ogre
 12706 | D:10     | Killed a two-headed ogre
 13263 | D:11     | Killed a two-headed ogre
 13264 | D:11     | Reached skill level 10 in Evocations
 13462 | D:11     | Found a portal to a secret trove of treasure.
 14418 | D:12     | Noticed a two-headed ogre
 14421 | D:12     | Killed a two-headed ogre
 14793 | D:12     | Reached XP level 13. HP: 78/78 MP: 13/13
 15269 | D:13     | Noticed a centaur warrior
 15377 | D:10     | Became a worshipper of the Wu Jian Council
 15472 | D:13     | Noticed a centaur warrior
 15484 | D:13     | Killed a centaur warrior
 15720 | D:13     | Reached skill level 15 in Stealth
 15720 | D:13     | Reached skill level 1 in Shields
 15938 | D:13     | Noticed a vault guard
 15962 | D:13     | Reached * piety under Wu Jian
 16054 | D:13     | Killed a vault guard
 16067 | D:13     | Found a gate to the Vaults.
 16067 | D:13     | Noticed a vault guard
 16067 | D:13     | Noticed a vault guard
 16070 | D:13     | Killed a vault guard
 16072 | D:13     | Killed a vault guard
 16087 | D:13     | Noticed a vault guard
 16107 | D:13     | Killed a vault guard
 16405 | D:13     | Noticed Lodul
 16411 | D:13     | Killed Lodul
 16609 | D:13     | Killed a centaur warrior
 16721 | D:13     | Learned a level 2 spell: Ensorcelled Hibernation
 16725 | D:13     | Learned a level 3 spell: Tukima's Dance
 16730 | D:13     | Learned a level 4 spell: Cause Fear
 16802 | D:14     | Noticed a centaur warrior
 16813 | D:14     | Killed a centaur warrior
 16978 | D:14     | Reached XP level 14. HP: 84/84 MP: 14/14
 17098 | D:14     | Found a runed translucent door.
 17293 | D:14     | Reached ** piety under Wu Jian
 17323 | D:14     | HP: 3/86 [skeletal warrior/+0 flail (22)]
 17725 | Lair:1   | Entered Level 1 of the Lair of Beasts
 18616 | Lair:2   | Noticed Amaemon
 18626 | Lair:2   | Killed Amaemon
 18812 | Lair:2   | Found an opulent altar of Gozag.
 19294 | Lair:3   | Reached skill level 1 in Hexes
 19296 | Lair:3   | Reached skill level 1 in Spellcasting
 19301 | Lair:3   | Found a frozen archway.
 19350 | IceCv    | Entered an ice cave
 19385 | IceCv    | Reached *** piety under Wu Jian
 20259 | IceCv    | Reached **** piety under Wu Jian
 20274 | IceCv    | Identified the ring of Neto {rElec rF+ rC+ Str+4 Dex+4}
 20825 | Lair:3   | Found a hole to the Spider Nest.
 20831 | Lair:3   | Reached skill level 5 in Hexes
 21133 | Lair:3   | Found a staircase to the Shoals.
 21416 | Lair:4   | Found a viscous altar of Jiyva.
 21417 | Lair:4   | Found a staircase to the Slime Pits.
 21491 | Lair:4   | Reached XP level 15. HP: 80/90 MP: 17/19
 21557 | Lair:4   | Found a dark tunnel.
 21563 | Volcano  | Entered a volcano
 22364 | Lair:4   | Reached skill level 5 in Shields
 23077 | Lair:5   | Entered Level 5 of the Lair of Beasts
 23113 | Lair:5   | Reached ***** piety under Wu Jian
 23309 | Lair:5   | Found a runed translucent door.
 23587 | Lair:5   | Reached skill level 10 in Shields
 23608 | Lair:5   | Reached XP level 16. HP: 45/96 MP: 12/20
 25587 | Orc:1    | Entered Level 1 of the Orcish Mines
 25807 | Orc:2    | Entered Level 2 of the Orcish Mines
 25885 | Orc:2    | Reached ****** piety under Wu Jian
 26222 | Orc:2    | Noticed Urug
 26224 | Orc:2    | Killed Urug
 26793 | Orc:2    | Noticed Donald
 26794 | Orc:2    | Noticed Jorgrun
 26828 | Orc:2    | Killed Jorgrun
 26829 | Orc:2    | Reached skill level 10 in Fighting
 26909 | Orc:2    | Found Ufraolof's Weapon Boutique.
 26909 | Orc:2    | Found Jogu's General Store.
 26909 | Orc:2    | Found Wuqiad's Weapon Emporium.
 26910 | Orc:2    | Found Erisch's General Store.
 26934 | Orc:2    | Killed Donald
 27085 | Orc:2    | Bought a +0 helmet of see invisible for 184 gold pieces
 27167 | Orc:2    | Found a staircase to the Elven Halls.
 27278 | Orc:2    | Bought a scroll of identify for 32 gold pieces
 27278 | Orc:2    | Bought a scroll of fear for 64 gold pieces
 27285 | Orc:2    | Bought a potion of haste for 170 gold pieces
 27285 | Orc:2    | Bought a scroll of fear for 68 gold pieces
 27285 | Orc:2    | Bought a scroll of fog for 68 gold pieces
 27285 | Orc:2    | Bought a potion of magic for 136 gold pieces
 27285 | Orc:2    | Bought a potion of cancellation for 136 gold pieces
 27293 | Orc:2    | Reached skill level 15 in Dodging
 27293 | Orc:2    | Reached XP level 17. HP: 102/102 MP: 21/21
 27341 | Elf:1    | Entered Level 1 of the Elven Halls
 27781 | Elf:1    | Found a hide-covered altar of Uskayaw.
 27781 | Elf:1    | Identified the +2 short sword "Wugutt" {flame, rElec}
 27864 | Elf:1    | Reached XP level 18. HP: 74/108 MP: 17/22
 28447 | Elf:1    | Learned a level 5 spell: Silence
 29152 | Elf:2    | Found a runed translucent door.
 29194 | Elf:2    | Found a runed translucent door.
 29231 | Elf:2    | Noticed an Executioner
 29666 | Elf:2    | Noticed a deep elf blademaster
 29667 | Elf:2    | Killed a deep elf blademaster
 29668 | Elf:2    | Reached skill level 10 in Hexes
 30080 | Elf:2    | Reached skill level 15 in Evocations
 30535 | Elf:2    | Reached skill level 5 in Spellcasting
 31346 | Elf:3    | Entered Level 3 of the Elven Halls
 31516 | Elf:3    | Found Ruteyziro's Antique Weapon Shoppe.
 31610 | Elf:3    | Reached XP level 19. HP: 62/110 MP: 14/26
 31899 | Elf:3    | Noticed Zenata
 31900 | Elf:3    | Killed Zenata
 31956 | Elf:3    | Noticed Aizul
 31978 | Elf:3    | Killed Aizul
 32273 | Elf:3    | Found Ruteyziro's Antique Weapon Shoppe.
 32985 | Elf:3    | Identified the +3 falchion of Annihilation {drain, Str+10}
 33028 | Abyss:2  | Cast into level 2 of the Abyss (a deep elf demonologist)
 33721 | Elf:3    | Escaped the Abyss
 33732 | Elf:3    | Identified the +0 robe "Zueziniff" {Int+4}
 34560 | Elf:3    | Identified the ring of Genais {Fire Str+5 Dex+4}
 34833 | Elf:3    | Noticed a deep elf blademaster
 34855 | Elf:3    | Killed a deep elf blademaster
 35296 | Elf:3    | Identified the +7 plate armour "Lezuw" {rElec rPois rF-
                  | Will+++}
 35572 | Elf:3    | Reached skill level 15 in Hexes
 35835 | Elf:3    | Identified the +0 robe of Parts Unknown {Rampage *Corrode
                  | Int+3}
 36389 | Elf:3    | Acquired 860 gold pieces
 36665 | Spider:1 | Entered Level 1 of the Spider Nest
 37135 | Spider:1 | Reached XP level 20. HP: 38/120 MP: 7/29
 37716 | Spider:1 | Noticed Rupert
 37724 | Spider:1 | Killed Rupert
 38181 | Spider:2 | Identified the +4 halberd "Demonbane" {speed, rElec Str+4
                  | Stlth-}
 38641 | Spider:2 | Reached skill level 1 in Air Magic
 41033 | Spider:4 | Entered Level 4 of the Spider Nest
 41125 | Spider:4 | Got a gossamer rune of Zot
 41151 | Spider:4 | Identified the +2 hat of the Eternal Void {+Blink rC- Int+8
                  | Slay-2}
 41158 | Spider:4 | Reached skill level 5 in Air Magic
 41158 | Spider:4 | Reached XP level 21. HP: 117/124 MP: 33/33
 42158 | Shoals:1 | Entered Level 1 of the Shoals
 42189 | Shoals:1 | Found Moipysin's Weapon Shoppe.
 42690 | Shoals:1 | Noticed Josephine
 43087 | Shoals:1 | Killed Josephine
 43088 | Shoals:1 | Reached XP level 22. HP: 101/121 MP: 27/34
 43490 | Shoals:2 | Found a runed translucent gate.
 43491 | Shoals:2 | Found a runed translucent gate.
 43492 | Shoals:2 | Found a runed translucent gate.
 43504 | Shoals:2 | Noticed Frances
 43511 | Shoals:2 | Killed Frances
 43529 | Shoals:2 | Noticed Cuomazycy's ghost (adept FoWn)
 44125 | Shoals:2 | Killed Cuomazycy's ghost
 44207 | Shoals:2 | Noticed Ilsuiw
 44592 | Shoals:2 | Identified the -1 cloak of the Devil's Team {*Corrode rElec
                  | Str+2 Int+8}
 44876 | Shoals:2 | Killed Ilsuiw
 45052 | Shoals:2 | Noticed Polyphemus
 45070 | Shoals:2 | Killed Polyphemus
 45912 | Shoals:3 | Found Kygaud's Gadget Gallery.
 46079 | Shoals:3 | Bought a wand of roots (1) for 38 gold pieces
 46079 | Shoals:3 | Bought a wand of roots (4) for 153 gold pieces
 46079 | Shoals:3 | Bought a wand of digging (5) for 336 gold pieces
 46477 | Shoals:4 | Entered Level 4 of the Shoals
 46811 | Shoals:4 | Got a barnacled rune of Zot
 48614 | Vaults:1 | Entered Level 1 of the Vaults
 49569 | Vaults:1 | Noticed Asterion
 49570 | Vaults:1 | Killed Asterion
 49620 | Vaults:1 | Reached XP level 23. HP: 135/135 MP: 35/35
 52799 | Vaults:2 | Found Gamyshri's Magic Scroll Shoppe.
 52810 | Vaults:2 | Bought a scroll of immolation for 64 gold pieces
 52810 | Vaults:2 | Bought a scroll of enchant armour for 120 gold pieces
 52810 | Vaults:2 | Bought a scroll of vulnerability for 64 gold pieces
 52810 | Vaults:2 | Bought a scroll of teleportation for 48 gold pieces
 52810 | Vaults:2 | Bought a scroll of enchant weapon for 120 gold pieces
 52810 | Vaults:2 | Bought a scroll of poison for 64 gold pieces
 52810 | Vaults:2 | Bought a scroll of silence for 152 gold pieces
 52810 | Vaults:2 | Bought a scroll of enchant armour for 120 gold pieces
 53247 | Vaults:2 | Reached skill level 15 in Shields
 53273 | Vaults:2 | Learned a level 5 spell: Metabolic Englaciation
 53275 | Vaults:2 | Learned a level 1 spell: Apportation
 53743 | Vaults:2 | Reached skill level 1 in Translocations
 54751 | Vaults:3 | Noticed Xtahua
 54761 | Vaults:3 | Killed Xtahua
 54816 | Vaults:3 | Noticed Nikola
 54825 | Vaults:3 | Killed Nikola
 54904 | Vaults:3 | Reached XP level 24. HP: 98/140 MP: 29/35
 55572 | Vaults:3 | Found a staircase to the Crypt.
 55875 | Vaults:4 | Found a flickering gateway to a bazaar.
 55901 | Bazaar   | Entered a bazaar
 55911 | Bazaar   | Found Deett's Book Boutique.
 55924 | Bazaar   | Found Caenytysch's General Store.
 55941 | Bazaar   | Found Gugewioh's Antique Weapon Boutique.
 55958 | Bazaar   | Found Ikhlaul's Assorted Antiques.
 56053 | Bazaar   | Bought a scroll of fog for 52 gold pieces
 56053 | Bazaar   | Bought a scroll of fog for 52 gold pieces
 56053 | Bazaar   | Bought a scroll of teleportation for 39 gold pieces
 56065 | Bazaar   | Bought a clouded golden amulet for 115 gold pieces
 56065 | Bazaar   | Identified the amulet of Ecih Cuo {Spirit rC- rCorr Int+7}
                  | (You bought it in a shop in a bazaar)
 56065 | Bazaar   | Bought a potion of flight for 69 gold pieces
 56079 | Bazaar   | Learned a level 3 spell: Vhi's Electric Charge
 56084 | Bazaar   | Learned a level 4 spell: Passage of Golubria
 56091 | Bazaar   | Learned a level 6 spell: Dispersal
 56097 | Bazaar   | Bought a book of Misfortune for 336 gold pieces
 56593 | Vaults:4 | Found a large runed translucent door.
 56594 | Vaults:4 | Found a large runed translucent door.
 56966 | Vaults:4 | Reached skill level 10 in Spellcasting
 56974 | Vaults:4 | Learned a level 7 spell: Enfeeble
 57589 | Vaults:4 | Noticed Foxy's ghost (veteran KoEn)
 58250 | Slime:1  | Entered Level 1 of the Pits of Slime
 58868 | Slime:2  | Reached skill level 5 in Translocations
 59076 | Slime:5  | Entered Level 5 of the Pits of Slime
 59094 | Slime:5  | Found a viscous altar of Jiyva.
 59094 | Slime:5  | Noticed the Royal Jelly
 59096 | Slime:5  | Killed the Royal Jelly
 59099 | Slime:5  | Found the dreamshard necklace {*Dream Drain}
 60937 | Slime:5  | Reached XP level 25. HP: 147/147 MP: 26/37
 61900 | Slime:5  | Identified the +0 scale mail of an ossuary {Str+6}
 61902 | Slime:5  | Got a slimy rune of Zot
 61924 | Slime:5  | Identified the ring "Solan" {Fly Int+6 Dex+2}
 61976 | Slime:5  | Reached XP level 26. HP: 154/154 MP: 37/37
 61978 | Slime:5  | Identified the +12 halberd of Moddeoth {heavy, Str+6}
 62005 | Slime:5  | Identified the +7 ring mail "Muopeg" {Dex+5}
 62024 | Slime:5  | Acquired 750 gold pieces
 62032 | Slime:5  | Identified the +8 dagger "Xisepp" {freeze, *Rage Int+6
                  | SInv}
 62043 | Slime:5  | Identified the +10 whip of Defence {vamp, rC+}
 63014 | D:15     | Entered Level 15 of the Dungeon
 63301 | D:14     | Identified the +0 ring mail of the Saviour {Harm}
 63690 | D:14     | Found a runed translucent door.
 63804 | D:14     | Reached skill level 1 in Armour
 63862 | D:14     | Identified the +1 leather armour of Prudence {Dex+4}
 63978 | D:14     | Identified the +11 rapier "Ziucoaschad" {freeze, rF- rC-
                  | Dex+10 SInv}
 64414 | D:15     | Found a staircase to the Depths.
 64623 | Depths:1 | Entered Level 1 of the Depths
 65658 | Depths:1 | Found a snail-covered altar of Cheibriados.
 65794 | Depths:1 | Found a gateway to Hell.
 66177 | Depths:1 | Found a one-way gate to the infinite horrors of the Abyss.
 66662 | Depths:2 | Found a one-way gate leading to the halls of Pandemonium.
 67269 | Depths:3 | Reached XP level 27. HP: 160/160 MP: 38/38
 67304 | Depths:3 | Reached skill level 5 in Armour
 67321 | Depths:3 | Learned a level 5 spell: Yara's Violent Unravelling
 67513 | Depths:3 | Noticed Frederick
 67514 | Depths:3 | Killed Frederick
 67521 | Depths:3 | Reached skill level 1 in Transmutations
 67613 | Depths:3 | Identified the +1 ring mail "Ickocomu" {Rampage Drain Str+8
                  | Int-5}
 67615 | Depths:3 | Identified the +5 war axe of Cutep {drain, rElec}
 67951 | Depths:3 | Noticed Margery
 67961 | Depths:3 | Killed Margery
 68577 | Depths:3 | Found a runed translucent door.
 68591 | Depths:3 | Paralysed by an air elemental for 1 turns
 69147 | Depths:3 | Found a one-way gateway to a ziggurat.
 69147 | Depths:3 | Noticed a dread lich
 69156 | Depths:3 | Killed a dread lich
 69199 | Depths:4 | Entered Level 4 of the Depths
 69257 | Depths:4 | Gained mutation: You are vulnerable to cold. (rC-) [a
                  | shining eye]
 69476 | Depths:4 | Noticed a juggernaut
 69827 | Depths:3 | Killed a juggernaut
 70075 | Depths:4 | Reached skill level 5 in Transmutations
 70308 | Depths:4 | Found a gate to the Realm of Zot.
 71187 | Vaults:5 | Entered Level 5 of the Vaults
 71891 | Vaults:5 | Noticed Mara
 71893 | Vaults:5 | Killed Mara
 72091 | Vaults:5 | Identified the +8 chain mail of Hoih {Fly rPois Will+
                  | Int+4}
 72093 | Vaults:5 | Identified the ring of Adunwu {Wiz rElec rN+ Str+2 SInv}
 72093 | Vaults:5 | Noticed an ancient lich
 72162 | Vaults:5 | Killed an ancient lich
 72280 | Vaults:5 | Identified the +4 ring mail of Wu Jian's Grace {-Cast rN+
                  | Slay+2}
 72534 | Vaults:5 | Got a silver rune of Zot
 72646 | Vaults:5 | Identified the +8 great mace of Sharkskin {flame, rPois
                  | SInv}
 72797 | Vaults:5 | Reached skill level 10 in Translocations
 73906 | Zot:1    | Entered Level 1 of the Realm of Zot
 74176 | Zot:1    | Reached skill level 15 in Fighting
 74830 | Zot:1    | Identified the +5 spear "Fufoiblento" {vamp, Fragile Fly
                  | Dex+2}
 74834 | Zot:1    | Noticed a dread lich
 74856 | Zot:1    | Killed a dread lich
 75010 | Zot:1    | Reached skill level 27 in Stealth
 75014 | Zot:1    | Identified the +9 long sword of Oenomania {spect, rC+ Str-5
                  | SInv}
 75066 | Zot:1    | Noticed an orb of fire
 75101 | Zot:1    | Killed an orb of fire
 75842 | Zot:1    | Noticed a dread lich
 75852 | Zot:1    | Killed a dread lich
 76380 | Zot:2    | Noticed an orb of fire
 76410 | Zot:2    | Killed an orb of fire
 76764 | Zot:2    | Noticed a Killer Klown
 76767 | Zot:2    | Killed a Killer Klown
 77062 | Zot:2    | Noticed a Killer Klown
 77082 | Zot:2    | Killed a Killer Klown
 78657 | Zot:3    | Noticed an orb of fire
 80625 | Zot:5    | Entered Level 5 of the Realm of Zot
 81713 | Zot:5    | Noticed an ancient lich
 81746 | Zot:5    | Killed an ancient lich
 81798 | Zot:5    | Noticed an orb of fire
 81798 | Zot:5    | Noticed a Killer Klown
 81847 | Zot:5    | Noticed a dread lich
 81850 | Zot:5    | Killed a dread lich
 82007 | Zot:5    | Noticed a dread lich
 82009 | Zot:5    | Noticed an orb of fire
 82009 | Zot:5    | Killed a dread lich
 82111 | Zot:5    | Noticed a Killer Klown
 82115 | Zot:5    | Noticed a dread lich
 82139 | Zot:5    | Killed a dread lich
 82245 | Zot:5    | Noticed a dread lich
 82279 | Zot:5    | Killed a dread lich
 82286 | Zot:5    | Noticed a Killer Klown
 82402 | Zot:5    | Killed an orb of fire
 82427 | Zot:5    | Killed a Killer Klown
 82448 | Zot:5    | Killed a Killer Klown
 82625 | Zot:5    | Noticed a dread lich
 82626 | Zot:5    | Noticed a dread lich
 82678 | Zot:5    | Killed a dread lich
 82680 | Zot:5    | Noticed an ancient lich
 82701 | Zot:5    | Killed a dread lich
 82703 | Zot:5    | Killed an ancient lich
 82738 | Zot:5    | Killed a Killer Klown
 83706 | Zot:5    | Gained mutation: You are weak. (Str -2) [an orb of fire]
 83710 | Zot:5    | Killed an orb of fire
 84578 | Crypt:1  | Entered Level 1 of the Crypt
 85184 | Crypt:1  | Reached skill level 15 in Translocations
 86292 | Crypt:2  | Noticed Saint Roka
 86296 | Crypt:2  | Killed Saint Roka
 87306 | Crypt:3  | Entered Level 3 of the Crypt
 88127 | Crypt:3  | Found an ancient bone altar of Kikubaaqudgha.
 88173 | Crypt:3  | Noticed a royal mummy
 88339 | Crypt:3  | Identified the +7 rapier "Neazorij" {drain, rF+ rC+}
 88376 | Crypt:3  | Killed a royal mummy
 88978 | Crypt:3  | Found a staircase to the Tomb.
 90019 | Crypt:3  | Found a staircase to the Tomb.
 90447 | Crypt:3  | Found an ancient bone altar of Kikubaaqudgha.
 90779 | Tomb:1   | Entered Level 1 of the Tomb of the Ancients
 91270 | Tomb:1   | Identified the +5 flail of Ypamutov {flame, Int+4 Dex+2}
 91606 | Tomb:1   | Noticed a royal mummy
 91743 | Tomb:1   | Killed a royal mummy
 91906 | Tomb:1   | Noticed a royal mummy
 91923 | Tomb:1   | Killed a royal mummy
 92259 | Tomb:1   | Noticed a royal mummy
 92499 | Tomb:1   | Killed a royal mummy
 92794 | Tomb:1   | Paralysed by a Zot trap for 2 turns
 93809 | Depths:1 | Voluntarily entered the Abyss.
 93966 | Abyss:2  | Found a corrupted altar of Lugonu.
 93980 | Abyss:2  | Found a corrupted altar of Lugonu.
 94019 | Abyss:3  | Found a corrupted altar of Lugonu.
 94133 | Abyss:3  | Got an abyssal rune of Zot
 94225 | Abyss:4  | Found a corrupted altar of Lugonu.
 94273 | Depths:1 | Escaped the Abyss
 94845 | Hell     | Entered the Vestibule of Hell
 94892 | Hell     | Noticed Geryon
 94914 | Hell     | Killed Geryon
 94961 | Hell     | Found a gateway to the ashen valley of Gehenna.
 96155 | Hell     | Found a gateway to the Iron City of Dis.
 96239 | Hell     | Found a gateway to the freezing wastes of Cocytus.
 96484 | Hell     | Found a gateway to the decaying netherworld of Tartarus.
 96604 | Hell     | Found a gateway to the freezing wastes of Cocytus.
 96731 | Hell     | Found a gateway to the Iron City of Dis.
 96874 | Hell     | Found a gateway to the ashen valley of Gehenna.
 96934 | Hell     | Lost mutation: You are vulnerable to cold. (rC-) [potion of
                  | mutation]
 96934 | Hell     | Lost mutation: You are weak. (Str -2) [potion of mutation]
 96934 | Hell     | Gained mutation: You are robust. (+10% HP) [potion of
                  | mutation]
 96934 | Hell     | Gained mutation: Your body sometimes deteriorates upon
                  | taking damage. [potion of mutation]
 97041 | Pan      | Entered Pandemonium
 97156 | Pan      | Noticed Xeamif the pandemonium lord
 97177 | Pan      | Killed Xeamif the pandemonium lord
 97629 | Pan      | Noticed Mennas
 97664 | Pan      | Entered the realm of Lom Lobon.
 97736 | Pan      | Got a magical rune of Zot
 97745 | Pan      | Noticed Lom Lobon
 97746 | Pan      | Killed Lom Lobon
 98634 | Pan      | Noticed Utegey the pandemonium lord
 98659 | Pan      | Killed Utegey the pandemonium lord
 98749 | Pan      | Identified the +2 leather armour of Duquatiudo {rPois SInv}
 99084 | Pan      | Gained mutation: You sometimes lose your temper in combat.
                  | [a cacodemon]
 99086 | Pan      | Gained mutation: You are weak. (Str -2) [a cacodemon]
 99385 | Pan      | Lost mutation: You sometimes lose your temper in combat.
                  | [potion of mutation]
 99385 | Pan      | Lost mutation: You are weak. (Str -2) [potion of mutation]
 99385 | Pan      | Gained mutation: You sometimes lose your temper in combat.
                  | [potion of mutation]
 99385 | Pan      | Gained mutation: Armour fits poorly on your strangely
                  | shaped body. [potion of mutation]
 99385 | Pan      | Lost mutation: You sometimes lose your temper in combat.
                  | [potion of mutation]
100275 | Pan      | Noticed Zakevi the pandemonium lord
100280 | Pan      | Killed Zakevi the pandemonium lord
100844 | Pan      | Noticed Kaseu the pandemonium lord
100873 | Pan      | Killed Kaseu the pandemonium lord
101845 | Pan      | Reached skill level 27 in Dodging
103823 | Pan      | Got a demonic rune of Zot
103980 | Pan      | Noticed Quposs the pandemonium lord
103981 | Pan      | Killed Quposs the pandemonium lord
104081 | Pan      | Noticed Bahopryqibb the pandemonium lord
104082 | Pan      | Killed Bahopryqibb the pandemonium lord
104092 | Pan      | Entered the realm of Cerebov.
104197 | Pan      | Identified the +1 shadow dragon scales of Atier {rF+
                  | Stlth++++}
104205 | Pan      | Identified the ring "Pifele" {rN+ Dex+6}
104230 | Pan      | Identified the +12 scimitar of Sopow {vamp, Str+2 Int+2}
104235 | Pan      | Identified the +7 chain mail "Viropotz" {rF++ Str+3}
104238 | Pan      | Identified the +5 lajatang "Killer Bee's Death" {antimagic,
                  | Fragile rPois rC+}
104261 | Pan      | Identified the +0 robe "Laihibydd" {Drain MP+9 SInv}
104263 | Pan      | Identified the amulet "Qeir" {Acrobat rF+ rN++ Str+6 Int-2}
104280 | Pan      | Identified the ring of Noor {rElec EV+5}
104354 | Pan      | Identified the +9 giant club of Valiance {drain, rF++}
104452 | Pan      | Found the +6 sword of Cerebov {flame}
104452 | Pan      | Noticed Cerebov
104531 | Pan      | Got a fiery rune of Zot
105232 | Pan      | Killed Cerebov
105575 | Pan      | Noticed Ligane the pandemonium lord
105577 | Pan      | Killed Ligane the pandemonium lord
105773 | Pan      | Found a glowing golden altar of the Shining One.
105777 | Pan      | Noticed a seraph
105778 | Pan      | Killed a seraph
106155 | Pan      | Found a white marble altar of Elyvilon.
107359 | Pan      | Found a glowing silver altar of Zin.
107407 | Depths:2 | Escaped Pandemonium
107589 | Pan      | Entered the realm of Mnoleg.
107589 | Pan      | Entered Pandemonium
107635 | Pan      | Noticed Mnoleg
107636 | Pan      | Killed Mnoleg
107644 | Pan      | Got a glowing rune of Zot
107674 | Pan      | Gained mutation: You occasionally lose the ability to drink
                  | potions when taking damage. [a cacodemon]
107713 | Pan      | Found an exit through the horrors of the Abyss.
107757 | Pan      | Entered the realm of Gloorx Vloq.
108754 | Pan      | Noticed Gloorx Vloq
108876 | Pan      | Killed Gloorx Vloq
108879 | Pan      | Got a dark rune of Zot
108882 | Pan      | Reached skill level 27 in Fighting
109276 | Pan      | Identified the +1 leather armour "Egoemper" {rPois Str+9
                  | Int-2 SInv}
109355 | Pan      | Gained mutation: Your magical capacity is low. (-10% MP) [a
                  | cacodemon]
110388 | Pan      | Noticed Fuasumel the pandemonium lord
110402 | Pan      | Noticed Qaduhag the pandemonium lord
110540 | Pan      | Noticed Ruamumne the pandemonium lord
110549 | Pan      | Killed Ruamumne the pandemonium lord
110553 | Depths:2 | Escaped Pandemonium
110645 | Depths:2 | Lost mutation: Your body sometimes deteriorates upon taking
                  | damage. [potion of mutation]
110645 | Depths:2 | Lost mutation: Your magical capacity is low. (-10% MP)
                  | [potion of mutation]
110645 | Depths:2 | Gained mutation: Your system is resistant to poisons.
                  | (rPois) [potion of mutation]
110645 | Depths:2 | Gained mutation: You sometimes lose the ability to drink
                  | potions when taking damage. [potion of mutation]
110645 | Depths:2 | Lost mutation: You are robust. (+10% HP) [potion of
                  | mutation]
110645 | Depths:2 | Gained mutation: You are resistant to electric shocks.
                  | (rElec) [potion of mutation]
110646 | Depths:2 | Lost mutation: Armour fits poorly on your strangely shaped
                  | body. [potion of mutation]
110646 | Depths:2 | Lost mutation: You are resistant to electric shocks.
                  | (rElec) [potion of mutation]
110646 | Depths:2 | Lost mutation: Your system is resistant to poisons. (rPois)
                  | [potion of mutation]
110646 | Depths:2 | Gained mutation: Your magical capacity is low. (-10% MP)
                  | [potion of mutation]
110646 | Depths:2 | Gained mutation: Your system is resistant to poisons.
                  | (rPois) [potion of mutation]
110646 | Depths:2 | Gained mutation: You expend magic power (3 MP) to
                  | strengthen your wands. [potion of mutation]
110647 | Depths:2 | Lost mutation: You sometimes lose the ability to drink
                  | potions when taking damage. [potion of mutation]
110647 | Depths:2 | Lost mutation: Your system is resistant to poisons. (rPois)
                  | [potion of mutation]
110647 | Depths:2 | Lost mutation: You occasionally lose the ability to drink
                  | potions when taking damage. [potion of mutation]
110647 | Depths:2 | Gained mutation: Your muscles are strong. (Str +4, Int/Dex
                  | -1) [potion of mutation]
110647 | Depths:2 | Gained mutation: Your system is resistant to poisons.
                  | (rPois) [potion of mutation]
110647 | Depths:2 | Gained mutation: You have a pair of small horns on your
                  | head. [potion of mutation]
111157 | Depths:1 | Voluntarily entered the Abyss.
111190 | Abyss:4  | Found a corrupted altar of Lugonu.
111228 | Abyss:4  | Paralysed by accursed screaming for 1 turns
111231 | Abyss:4  | Paralysed by accursed screaming for 1 turns
111239 | Abyss:4  | Paralysed by accursed screaming for 1 turns
111249 | Abyss:4  | Found a corrupted altar of Lugonu.
111769 | Depths:1 | Escaped the Abyss
113524 | D:11     | You paid a toll of +3 shadow dragon scales to enter a
                  | treasure trove
113525 | Trove    | Entered a treasure trove
113528 | Trove    | Found the ring of the Hare {EV+10}
113543 | Trove    | Identified the ring of Law {Fly Int+3}
113544 | Trove    | Identified the ring "Recrexot" {+Blink MP+9 Slay+4}
113545 | Trove    | Identified the ring "Wiweisk" {rF- Will+ rCorr Int+10}
113546 | Trove    | Identified the amulet "Kyebuc" {Drain rN+ Regen+ Str+7}
113547 | Trove    | Identified the ring of Punahas {Fly rCorr}
113548 | Trove    | Identified the ring "Yqolucan" {Fly rF+ Str+3 SInv}
113787 | Zig:1    | Entered Level 1 of a ziggurat
113802 | Zig:2    | Entered Level 2 of a ziggurat
113822 | Zig:3    | Entered Level 3 of a ziggurat
113828 | Zig:3    | Noticed Xoujos the pandemonium lord
113839 | Zig:3    | Killed Xoujos the pandemonium lord
113985 | Zig:4    | Entered Level 4 of a ziggurat
114010 | Zig:5    | Entered Level 5 of a ziggurat
114032 | Zig:6    | Entered Level 6 of a ziggurat
114369 | Zig:7    | Entered Level 7 of a ziggurat
114389 | Zig:7    | Identified the +11 plate armour of the Quahog {rN+ Regen+}
114501 | Zig:8    | Entered Level 8 of a ziggurat
114547 | Zig:8    | Identified the +7 shortbow "Begaaxki" {drain, rPois rF+
                  | rN+}
114797 | Zig:8    | Identified the +6 quarterstaff "Bucoov" {freeze, rElec rF+
                  | rC+}
114806 | Zig:9    | Entered Level 9 of a ziggurat
114814 | Zig:9    | Noticed Qytucw the pandemonium lord
114824 | Zig:9    | Identified the ring of Optimism {rPois Will++ Dex+3}
114825 | Zig:9    | Identified the ring of Zocaowk {Ice rElec rN+ Will+}
114826 | Zig:9    | Identified the +12 shortbow of Dung {freeze, rF+}
115127 | Depths:3 | Learned a level 3 spell: Confusing Touch
115130 | Depths:3 | Learned a level 2 spell: Blink
115197 | Coc:1    | Entered Level 1 of Cocytus
115242 | Coc:3    | Noticed a dread lich
115242 | Coc:3    | Noticed a shard shrike
115242 | Coc:3    | Noticed a shard shrike
115243 | Coc:3    | Noticed a shard shrike
115396 | Coc:4    | Reached skill level 15 in Spellcasting
115546 | Coc:5    | Noticed a shard shrike
115552 | Coc:7    | Entered Level 7 of Cocytus
115840 | Coc:7    | Noticed a shard shrike
115849 | Coc:7    | Noticed Antaeus
115850 | Coc:7    | Identified the ring of Vampiric Thralls {rC+ MP+9 Int+2
                  | Dex+3}
115850 | Coc:7    | Noticed a shard shrike
115853 | Coc:7    | Got an icy rune of Zot
115885 | Coc:7    | Noticed the Serpent of Hell
116167 | Dis:1    | Entered Level 1 of the Iron City of Dis
117837 | Dis:7    | Entered Level 7 of the Iron City of Dis
119461 | Dis:7    | Found the +4 staff of Dispater
119461 | Dis:7    | Noticed Dispater
119462 | Dis:7    | Noticed a juggernaut
119464 | Dis:7    | Killed Dispater
119482 | Dis:7    | Killed a juggernaut
119538 | Dis:7    | Got an iron rune of Zot
119754 | Tar:1    | Entered Level 1 of Tartarus
119822 | Tar:2    | You are sucked into a shaft and drop 2 floors!
119827 | Tar:4    | Noticed an ancient lich
120129 | Tar:4    | Noticed a dread lich
120258 | Tar:4    | Killed a dread lich
120358 | Tar:7    | Entered Level 7 of Tartarus
121355 | Tar:7    | Noticed Ereshkigal
121356 | Tar:7    | Killed Ereshkigal
121434 | Tar:7    | Got a bone rune of Zot
121565 | Geh:1    | Entered Level 1 of Gehenna
121598 | Geh:1    | You are sucked into a shaft and drop 1 floor!
122620 | Geh:7    | Entered Level 7 of Gehenna
123716 | Geh:7    | Found the +7 sceptre of Asmodeus
123716 | Geh:7    | Noticed Asmodeus
123719 | Geh:7    | Got an obsidian rune of Zot
124263 | Tomb:2   | Noticed a royal mummy
124266 | Tomb:2   | Killed a royal mummy
124582 | Tomb:2   | Noticed a royal mummy
124590 | Tomb:2   | Killed a royal mummy
124999 | Tomb:2   | Noticed a royal mummy
125005 | Tomb:2   | Noticed a royal mummy
125023 | Tomb:2   | Killed a royal mummy
125029 | Tomb:2   | Killed a royal mummy
125030 | Tomb:2   | Reached skill level 27 in Evocations
125317 | Tomb:2   | Got the Meditations on Sinister Apparitions
125568 | Tomb:1   | Noticed a royal mummy
125569 | Tomb:1   | Noticed a royal mummy
125569 | Tomb:1   | Killed a royal mummy
125570 | Tomb:1   | Noticed a royal mummy
125572 | Tomb:1   | Killed a royal mummy
125586 | Tomb:1   | Killed a royal mummy
125615 | Tomb:1   | Noticed a royal mummy
125636 | Tomb:1   | Killed a royal mummy
125685 | Tomb:1   | Noticed a royal mummy
125709 | Tomb:1   | Killed a royal mummy
125841 | Tomb:1   | Noticed a royal mummy
125843 | Tomb:1   | Killed a royal mummy
125849 | Tomb:1   | Noticed a royal mummy
125865 | Tomb:1   | Killed a royal mummy
125901 | Tomb:1   | Noticed a royal mummy
125911 | Tomb:1   | Noticed a royal mummy
125918 | Tomb:1   | Killed a royal mummy
125919 | Tomb:1   | Noticed a royal mummy
125921 | Tomb:1   | Killed a royal mummy
125926 | Tomb:1   | Killed a royal mummy
125977 | Tomb:1   | Noticed a royal mummy
125980 | Tomb:1   | Killed a royal mummy
126053 | Tomb:1   | Noticed a royal mummy
126055 | Tomb:1   | Killed a royal mummy
126183 | Tomb:1   | Noticed a royal mummy
126184 | Tomb:1   | Noticed a royal mummy
126184 | Tomb:1   | Killed a royal mummy
126200 | Tomb:1   | Killed a royal mummy
126258 | Tomb:1   | Noticed a royal mummy
126288 | Tomb:1   | Killed a royal mummy
126475 | Tomb:1   | Noticed a royal mummy
126476 | Tomb:1   | Noticed a royal mummy
126477 | Tomb:1   | Noticed a royal mummy
126477 | Tomb:1   | Killed a royal mummy
126493 | Tomb:1   | Killed a royal mummy
126506 | Tomb:1   | Killed a royal mummy
126584 | Tomb:1   | Noticed a royal mummy
126586 | Tomb:1   | Noticed a royal mummy
126613 | Tomb:1   | Killed a royal mummy
126624 | Tomb:1   | Killed a royal mummy
126910 | Tomb:3   | Entered Level 3 of the Tomb of the Ancients
126939 | Tomb:3   | Found the +11 plutonium sword {Contam Stlth-}
126940 | Tomb:3   | Found the +9 scales of the Dragon King {rPois rF+ rC+
                  | Will+}
127197 | Tomb:3   | Identified the ring "Yryen" {rC+ rN+ Dex+3 Slay-5}
127217 | Tomb:3   | Identified the +1 buckler "Hulaffoo" {Int+2}
127242 | Tomb:3   | Identified the +0 pair of boots "Noamoce" {Contam rN+
                  | Slay+5}
127257 | Tomb:3   | Identified the +9 glaive "Wehowyr" {pain, rN+++ Str-3 Int-5
                  | SInv}
127258 | Tomb:3   | Identified the +1 leather armour of Dim Light {rF+ rC+}
127301 | Tomb:3   | Noticed a royal mummy
127303 | Tomb:3   | Killed a royal mummy
127358 | Tomb:3   | Noticed a royal mummy
127368 | Tomb:3   | Killed a royal mummy
127439 | Tomb:3   | Noticed a royal mummy
127442 | Tomb:3   | Killed a royal mummy
127447 | Tomb:3   | Noticed a royal mummy
127450 | Tomb:3   | Killed a royal mummy
127478 | Tomb:3   | Got a golden rune of Zot
128108 | Zot:5    | Got the Orb of Zot
128237 | Depths:2 | Noticed Unoon the pandemonium lord
128602 | D:$      | Escaped with the Orb!

Illustrated notes

Levels and vault maps discovered:
D:1:      mrwooster_arrival_statue, layout_basic
D:2:      cheibrodos_pilgrimage, layout_loops_ring
D:3:      layout_basic, nicolae_sif_muna_condensation, st_stairs_2,
          interstate_on_off
D:4:      layout_loops_ring, okawaru_ov_weapons_minmay, serial_shops,
          nicolae_shop_waterfront
D:5:      dreamdust_elfheim, layout_gridville, good_gods_mini_temple,
          dancing_weapons_uskayaw, minmay_misc_feat_more_columns,
          uniq_blork_the_orc
D:6:      layout_basic, mainiacjoe_overflow_concentric_impassable,
          gammafunk_temple_overflow_elements, minmay_temple_entry_glass,
          palyth_stone_intersect
D:7:      layout_loops_ring, serial_glass, glass_columns_c, glass_columns_a,
          glass_columns_a, glass_columns_a, glass_columns_a, glass_columns_a,
          glass_columns_b, glass_columns_b, minmay_misc_feat_alley
D:8:      layout_layer_cave, mainiacjoe_overflow_brackets, old_standard_altar,
          due_lair_maze_entry_diamond, enter_bailey_2, uniq_prince_ribbit1,
          uniq_maurice
D:9:      layout_roguey, mainiacjoe_overflow_boulevard, orc_0_dummy,
          serial_shops, nicolae_stop_n_shop_2, grunt_ministairs_13,
          nicolae_shop_vocational
D:10:     layout_basic, general_overflow_altar, mainiacjoe_overflow_alcove_2,
          fedhas_altar_1, uniq_harold, uniq_erolcha
D:11:     layout_irregular_city, enter_trove_6
D:12:     layout_basic
D:13:     layout_basic, grunt_vaults_entry_fortified, bh_circular_ruins,
          uniq_lodul
D:14:     minmay_gate_of_8, layout_irregular_city, nicolae_eternal_life,
          lightli_airlock
D:15:     hangedman_depths_entry_try_elsewhere_first, layout_basic, minivault_1,
          minmay_librarian
Temple:   nicolae_temple_great_sept
Lair:1:   layout_roguey
Lair:2:   layout_long_grid, basic_altar, grunt_megastairs_3, uniq_amaemon
Lair:3:   layout_hall_layers, elwin_shoals_entry_rooms,
          nicolae_spider_entry_lesser_pyramids, portal_ice_cave_rime,
          chequers_serial_rivers_small_b, serial_bayou_shore_b
Lair:4:   layout_regular_city, slime_entry_1, nicolae_volcano_entry_hallway,
          chequers_serial_rivers_micro_e, beast_lair_carwin_1
Lair:5:   wormcave, layout_misc_corridors
Shoals:1: layout_shoals, serial_shops, shop, nicolae_shoals_undead_eyrie,
          uniq_josephine
Shoals:2: layout_shoals, gammafunk_ghost_tricky_traps, uniq_ilsuiw,
          uniq_frances, uniq_polyphemus
Shoals:3: layout_shoals, nicolae_shoals_lost_giant_baths, nicolae_shop_gadgets
Shoals:4: shoals_end_grunt_garden, layout_shoals, nicolae_shoals_drake_roost
Spider:1: nicolae_spider_hilbert_zone_4 [nicolae_spider_hilbert_4_sides_2_open,
          nicolae_spider_hilbert_4_sides_1_open,
          nicolae_spider_hilbert_4_sides_1_open,
          nicolae_spider_hilbert_4_sides_1_open,
          nicolae_spider_hilbert_4_sides_1_open,
          nicolae_spider_hilbert_2_sides_1_open,
          nicolae_spider_hilbert_2_sides_1_open,
          nicolae_spider_hilbert_2_sides_1_open,
          nicolae_spider_hilbert_2_sides_1_open,
          nicolae_spider_hilbert_6_sides_1_open,
          nicolae_spider_hilbert_6_sides_1_open,
          nicolae_spider_hilbert_3_sides_1_open,
          nicolae_spider_hilbert_3_sides_1_open], uniq_rupert
Spider:2: layout_chambers, hellmonk_narrow_tunnel
Spider:3: layout_spider_delve
Spider:4: hellmonk_spider_rune_endless_swarm
Slime:1:  layout_caves
Slime:2:  layout_caves, special_room [special_room_jelly]
Slime:3:  layout_caves, nicolae_slime_barrier
Slime:4:  layout_caves
Slime:5
Orc:1:    layout_caves, rock_pile
Orc:2:    st_orc_rangers, layout_caves, uniq_jorgrun, uniq_urug, uniq_donald
Elf:1:    eino_elf_arrival_sip, layout_rooms, hangedman_elf_disciples,
          nicolae_elf_altarnating, grunt_megastairs_2
Elf:2:    elven_hall_of_blades_hangedman_original
          [nicolae_blade_entry_splitting_headache], layout_loops_ring,
          lemuel_upstairs_altar
Elf:3:    minmay_elf_hall_spiked, layout_geoelf_castle, serial_shops, shop,
          uniq_aizul, uniq_zenata
Vaults:1: nicolae_vaults_big_angled_halls, ontoclasm_vaults_chip, v_pattern_2,
          nicolae_vaults_little_squares_3, nicolae_vaults_specimen_jars,
          nicolae_vaults_three_branches, vaults_room_door_ring,
          layout_vaults_omnigrid, uniq_asterion
Vaults:2: v_pattern_4, st_diamondy, v_misc_9, v_misc_4, vaults_mumra_minichess,
          grunt_vaults_funnel, vaults_dpeg_spiral, v_misc_18,
          nicolae_vaults_little_squares_6, serial_ice_b, nicolae_vaults_theta,
          layout_vaults_omnibox, serial_shops, nicolae_shop_window_shopping
Vaults:3: ontoclasm_vaults_eye, v_misc_29, v_misc_4, nicolae_vaults_big_ls,
          v_misc_19, v_misc_12, hangedman_vaults_corner,
          nicolae_vaults_circle_grid_b, minmay_crypt_entry_simple_statues,
          nicolae_vaults_little_squares_5, nicolae_vaults_rhombus_5,
          nicolae_vaults_circle_grid_a, grunt_vaults_hallway_short,
          vaults_dpeg_cross, layout_vaults_omnicross, uniq_nikola, uniq_xtahua
Vaults:4: ebering_ghost_disaster_area, vaults_dpeg_encased_lava,
          nicolae_vaults_theta, ontoclasm_vaults_twist, v_rooms_2,
          vaults_standard_mumra_enter_the_diamond, hangedman_vaults_impose,
          ontoclasm_vaults_decontamination, dpeg_vaults_monster_box, v_misc_29,
          hangedman_vaults_hat, grunt_vaults_twisty, vaults_mumra_lcd,
          ontoclasm_vaults_gateway, layout_vaults_big_room, serial_shops,
          bzr_entry_lakeside
Vaults:5: serial_shops, uniq_mara
Crypt:1:  layout_misc_corridors, grunt_crypt_arrival_guarded_gate
Crypt:2:  layout_chaotic_city, uniq_saint_roka
Crypt:3:  church_of_pain_bobbens, layout_chaotic_city,
          nicolae_tomb_entry_rubble_hallway, nicolae_crypt_soggy_tomb,
          st_stairs_6
Tomb:1
Tomb:2
Tomb:3
Depths:1: layout_cave_pools, abyss_entry, hell_entry, cheibriados_altar_2,
          grunt_decor_mini_mirrors, grunt_ministairs_12,
          hangedman_abyss_or_decor_clamps, dk_noncrumbling_2, hangedman_aviary
Depths:2: dreamdust_cat_pyramid, layout_long_grid, hell_entry, pan_entry,
          hex_medium
Depths:3: nicolae_terramorphic_expanse [nicolae_terramorphic_quarter,
          nicolae_terramorphic_quarter, nicolae_terramorphic_quarter,
          nicolae_terramorphic_quarter, nicolae_terramorphic_quarter,
          nicolae_terramorphic_biome, nicolae_terramorphic_biome,
          nicolae_terramorphic_biome, nicolae_terramorphic_biome],
          layout_long_grid, enter_ziggurat_d, abyss_entry_crystal,
          minmay_misc_feat_plants, hell_entry, hangedman_aerie_drop,
          uniq_frederick, uniq_margery
Depths:4: evilmike_zot_entry_diamond, layout_cave_pools, hell_entry,
          nicolae_water_bricks, marbit_kobold_abyss_entry, drop_trap,
          serial_bayou_shore_b, uniq_josephina
Hell
Dis:1:    layout_subdivisions, lemuel_mystery_crypt
Dis:2:    layout_jigsaw
Dis:3:    layout_regular_city
Dis:4:    layout_overlapping_boxes
Dis:5:    layout_jigsaw, lemuel_dis_dragons
Dis:6:    layout_subdivisions
Dis:7:    dis_st
Geh:1:    layout_gehenna_lava_caves
Geh:2:    layout_gehenna_pools_box, nicolae_hells_hurtin_island
Geh:3:    layout_gehenna_lava_caves
Geh:4:    layout_gehenna_pools_triple
Geh:5:    layout_gehenna_lava_caves
Geh:6:    layout_gehenna_pools_box
Geh:7:    geh_grunt_pentagon
Coc:1:    layout_cocytus_water_paths
Coc:2:    layout_cocytus_delve
Coc:3:    nicolae_coc_hellspring, layout_cocytus_delve,
          nicolae_coc_statues_of_limitations
Coc:4:    layout_ice_bergs
Coc:5:    nicolae_hells_demon_pit, layout_cocytus_delve
Coc:6:    layout_cocytus_water_paths
Coc:7:    coc_hangedman
Tar:1:    nicolae_tar_tart_auras, layout_cathedral_of_symmetry
Tar:2:    layout_grid_maze, nicolae_hells_fiendish_ambush
Tar:4:    layout_grid_maze
Tar:5:    layout_honeycomb, nicolae_tar_spectre_spectrum
Tar:6:    layout_catacombs, nicolae_tar_cuneiform_to_be
Tar:7:    tar_minmay_river
Zot:1:    hangedman_snap_crack_crunch, layout_onion, grunt_ministairs_15,
          hangedman_zot_wheel_spokes, lemuel_lich_library
Zot:2:    grunt_zot_stairs_faceoff, layout_misc_corridors, lemuel_elevator
Zot:3:    layout_basic, nrook_zot_tub
Zot:4:    layout_cathedral_of_symmetry
Zot:5:    layout_cathedral_of_symmetry

Skill      XL: |  1  2  3  4  5  6  7  8  9 10 11 12 13 14 15 16 17 18 19 20 21 22 23 24 25 26 27 |
---------------+----------------------------------------------------------------------------------+-----
Short Blades   | 3 5 7 9 12 14 | 14.0
Dodging        | 2 3 5 7 9 11 13 15 16 17 27 | 27.0
Stealth        | 6 8 10 12 14 15 16 18 20 21 22 23 27 | 27.0
Fighting       | 3 5 6 7 8 9 10 11 12 13 27 | 27.0
Evocations     | 3 6 9 10 12 13 14 15 16 17 27 | 27.0
Shields        | 3 4 10 11 13 15 19 | 19.7
Hexes          | 6 8 11 15 16 17 19 20 24 | 24.1
Spellcasting   | 3 5 6 8 10 11 17 | 17.6
Air Magic      | 5 6 |  6.0
Translocations | 3 5 6 7 20 | 20.7
Armour         | 4 5 |  5.0
Transmutations | 5 |  5.0
Throwing       | |  2.1

Action                   |  1- 3 |  4- 6 |  7- 9 | 10-12 | 13-15 | 16-18 | 19-21 | 22-24 | 25-27 || total
-------------------------+-------+-------+-------+-------+-------+-------+-------+-------+-------++-------
Melee: Dagger            |    81 |    65 |       |       |       |       |       |       |       ||   146
       Punch             |     1 |       |       |     7 |       |       |       |       |       ||     8
       Rapier            |       |    19 |   149 |   449 |  1089 |  1075 |  1481 |  2902 | 11073 || 18237
       Headbutt          |       |       |       |       |       |       |       |       |   824 ||   824
Throw: Dart              |     4 |     3 |     2 |       |       |     1 |     1 |       |       ||    11
 Cast: Ensorcelled Hiber |       |       |       |       |       |     1 |     2 |    16 |       ||    19
       Silence           |       |       |       |       |       |       |     6 |     6 |   232 ||   244
       Cause Fear        |       |       |       |       |       |       |       |     3 |    17 ||    20
       Enfeeble          |       |       |       |       |       |       |       |       |   308 ||   308
       Passage of Golubr |       |       |       |       |       |       |       |       |    15 ||    15
       Apportation       |       |       |       |       |       |       |       |       |     5 ||     5
       Blink             |       |       |       |       |       |       |       |       |     2 ||     2
       Yara's Violent Un |       |       |       |       |       |       |       |       |     2 ||     2
Invok: Lunge             |       |       |       |       |    61 |    87 |   118 |   204 |   840 ||  1310
       Whirlwind         |       |       |       |       |   352 |   415 |   465 |   758 |  4811 ||  6801
       Serpent's Lash    |       |       |       |       |     3 |    12 |     5 |     3 |    60 ||    83
       Heavenly Storm    |       |       |       |       |     1 |       |       |       |       ||     1
 Abil: Wall Jump         |       |       |       |       |    25 |    25 |    21 |    22 |   132 ||   225
       Evoke Blink       |       |       |       |       |       |       |       |     1 |       ||     1
Evoke: Wand              |       |       |     2 |     5 |     2 |     9 |     6 |    16 |    36 ||    76
       Box of beasts     |       |       |       |       |       |       |     3 |     6 |    22 ||    31
       Phantom mirror    |       |       |       |       |       |       |     2 |     3 |       ||     5
       Piece from Xom's  |       |       |       |       |       |       |       |    11 |       ||    11
       Phial of floods   |       |       |       |       |       |       |       |     2 |     5 ||     7
       Horn of Geryon    |       |       |       |       |       |       |       |       |     1 ||     1
       Condenser vane    |       |       |       |       |       |       |       |       |     1 ||     1
  Use: Scroll            |     5 |     4 |     6 |     5 |     5 |    11 |     9 |    21 |    47 ||   113
       Potion            |       |       |       |       |     5 |     4 |     4 |     9 |    41 ||    63
 Stab: Sleeping          |    15 |    18 |    23 |    33 |    97 |    44 |    82 |   140 |   674 ||  1126
       Distracted        |       |     1 |     1 |     6 |     6 |    23 |    33 |    44 |   274 ||   388
       Invisible         |       |       |     1 |     7 |     3 |     3 |     1 |       |   197 ||   212
       Paralysed         |       |       |       |       |       |       |     1 |       |     1 ||     2
       Petrifying        |       |       |       |       |       |       |       |       |     1 ||     1
       Petrified         |       |       |       |       |       |       |       |       |     1 ||     1
Armor: Robe              |    21 |    11 |     1 |    15 |    16 |       |       |    41 |    12 ||   117
       Leather armour    |       |       |       |       |    14 |    17 |    49 |    14 |       ||    94
       Ring mail         |       |       |       |       |       |       |       |       |   333 ||   333
Dodge: Dodged            |    41 |    44 |    77 |   387 |   531 |   367 |   866 |  1187 |  4706 ||  8206
Block: Buckler           |       |       |       |       |    49 |       |       |       |       ||    49
       Kite shield       |       |       |       |       |   268 |   443 |   849 |  1501 |  6627 ||  9688
       Reflection        |       |       |       |       |       |       |       |    46 |    92 ||   138

Table legend: (Time is in decaauts)
 A = Elapsed time spent in this place.
 B = Non-inter-level travel time spent in this place.
 C = Inter-level travel time spent in this place.
 D = Time resting spent in this place.
 E = Time spent auto-exploring this place.
 F = Levels seen in this place.
 G = Mean time per level.
                   A        B        C        D        E       F      G
               +--------+--------+--------+--------+--------+-----+--------+
         Total | 127965 | 116086 |  11879 |  25324 |  61060 | 127 | 1007.6 |
       Dungeon |  21665 |  17088 |   4577 |   1073 |  12986 |  15 | 1444.3 |
        Temple |    155 |    143 |     12 |      0 |    135 |   1 |  155.0 |
          Lair |   6467 |   5696 |    771 |    101 |   4484 |   5 | 1293.4 |
        Shoals |   6748 |   6437 |    311 |   1273 |   3771 |   4 | 1687.0 |
   Spider Nest |   5391 |   5084 |    307 |    390 |   3645 |   4 | 1347.8 |
    Slime Pits |   3899 |   3777 |    122 |   1176 |   1595 |   5 |  779.8 |
  Orcish Mines |   2498 |   1865 |    633 |    261 |   1066 |   2 | 1249.0 |
   Elven Halls |   8551 |   8102 |    449 |   2786 |   4051 |   3 | 2850.3 |
        Vaults |  11762 |  10003 |   1759 |    873 |   6710 |   5 | 2352.4 |
         Crypt |   6854 |   6034 |    820 |    324 |   4519 |   3 | 2284.7 |
          Tomb |   6321 |   6017 |    304 |   2335 |   2178 |   3 | 2107.0 |
        Depths |   7933 |   7059 |    874 |   1656 |   4071 |   4 | 1983.2 |
          Hell |   2143 |   1959 |    184 |    584 |    946 |   1 | 2143.0 |
           Dis |   3545 |   3399 |    146 |   1658 |    732 |   7 |  506.4 |
       Gehenna |   2180 |   2154 |     26 |    583 |    592 |   7 |  311.4 |
       Cocytus |    764 |    764 |      0 |    349 |      0 |   7 |  109.1 |
      Tartarus |   1781 |   1734 |     47 |    814 |    376 |   6 |  296.8 |
           Zot |  10590 |  10060 |    530 |   2704 |   4203 |   5 | 2118.0 |
         Abyss |   1693 |   1693 |      0 |    274 |    496 |   5 |  338.6 |
   Pandemonium |  13030 |  13030 |      0 |   5112 |   2913 |  21 |  620.5 |
      Ziggurat |   1046 |   1046 |      0 |    133 |    616 |   9 |  116.2 |
        Bazaar |    234 |    234 |      0 |      0 |    187 |   1 |  234.0 |
         Trove |     86 |     86 |      0 |      0 |      6 |   1 |   86.0 |
        Bailey |    743 |    743 |      0 |     27 |    405 |   1 |  743.0 |
      Ice Cave |   1189 |   1189 |      0 |    428 |    345 |   1 | 1189.0 |
       Volcano |    684 |    684 |      0 |    406 |     27 |   1 |  684.0 |
               +--------+--------+--------+--------+--------+-----+--------+

Top non-repeatable levels by time:
   Elf:3: 4241 daAuts
  Tomb:1: 4160 daAuts
   Zot:5: 3752 daAuts
 Crypt:3: 3582 daAuts
Depths:3: 2979 daAuts
   Elf:2: 2755 daAuts
    D:13: 2634 daAuts
Vaults:2: 2536 daAuts
Vaults:1: 2522 daAuts
Vaults:3: 2471 daAuts
Depths:1: 2376 daAuts
  Lair:5: 2328 daAuts
   Zot:1: 2185 daAuts
    Hell: 2143 daAuts
Vaults:5: 2135 daAuts
